 Dungeon Crawl Stone Soup version 0.22-a0-388-g09e6169 (webtiles) character file.

22 Mgcat the Insei (level 2, -3/18 HPs)
             Began as an Octopode Transmuter on Apr 29, 2018.
             Slain by Natasha (5 damage)
             ... on level 2 of the Dungeon.
             The game lasted 00:01:42 (836 turns).

Mgcat the Insei (Octopode Transmuter)                Turns: 836, Time: 00:01:42

Health: -3/18      AC:  1    Str:  9    XL:     2   Next: 91%
Magic:  5/5        EV: 13    Int: 15    God:
Gold:   73         SH:  0    Dex: 12    Spells: 4/5 levels left

rFire    . . .     SeeInvis .   d - +4 mace
rCold    . . .     Gourm    .   (no shield)
rNeg     . . .     Faith    .   (helmet restricted)
rPois    .         Spirit   .   (no amulet)
rElec    .         Reflect  .   (no ring)
rCorr    .         Harm     .   (no ring)
MR       .....                  (no ring)
Stlth    ++........             (no ring)
HPRegen  0.06/turn              (no ring)
MPRegen  0.09/turn              (no ring)
                                (no ring)
                                (no ring)

@: lethally poisoned (-3 -> -10)
A: almost no armour, stealthy swim, amphibious, 8 rings, constrict 8, camouflage
1, gelatinous body 1
a: no special abilities


You were on level 2 of the Dungeon.
You were not hungry.

You visited 1 branch of the dungeon, and saw 2 of its levels.

You collected 73 gold pieces.

Inventory:

Hand Weapons
 d - a +4 mace (weapon)
   (You found it on level 1 of the Dungeon)
Missiles
 a - 12 arrows
Scrolls
 g - 4 scrolls of identify {unknown}
 h - a scroll of teleportation {unknown}
 i - a scroll of enchant armour {unknown}
Potions
 e - a potion of curing {unknown}
 f - 2 potions of flight {unknown}
Comestibles
 c - 2 rations


   Skills:
 + Level 1.4 Fighting
 + Level 2.2 Dodging
 + Level 3.2 Unarmed Combat
 + Level 2.2 Spellcasting
 + Level 2.2 Transmutations


You had 4 spell levels left.
You knew the following spells:

 Your Spells              Type           Power        Failure   Level  Hunger
a - Beastly Appendage     Tmut           #.....       9%          1    #......


Dungeon Overview and Level Annotations

Branches:
Dungeon (2/15)

Altars:

Annotations:
D:2 Natasha


Innate Abilities, Weirdness & Mutations

You cannot wear most types of armour.
You are very stealthy in the water. (Stealth+)
You are amphibious.
You can wear up to eight rings at the same time.
You can use your tentacles to constrict eight enemies at once.
Your skin changes colour to match your surroundings (Stealth+).
Your rubbery body absorbs attacks. (AC +1, EV +1)


Message History

You kill the hobgoblin!
No target in view!
No target in view!
You see here a club.
Your transformation is almost over.
You see here a club.
Your tentacle spike disappears.
Some of the chunks of flesh in your inventory have rotted away.
You see here a ring mail.
All of the chunks of flesh in your inventory have rotted away.
Found a stone staircase leading down.
Done exploring.
Done exploring.
Done exploring.
Done exploring.
Done exploring.
Done exploring.
Done exploring.
Done exploring.
There is a stone staircase leading down here.
You climb downwards.
Marking area around Natasha as unsafe for travelling.
A frilled lizard, an adder, a goblin and Natasha come into view.
The adder hisses angrily.
Found a purple potion.
Found a stone staircase leading down.
There is a stone staircase leading up here.
Unknown command.
Unknown command.
Unknown command.
Unknown command.
You climb upwards.
There is a stone staircase leading down here.
There is a stone staircase leading down here.
You climb downwards.
Level annotation: Natasha A hobgoblin comes into view.
There is a stone staircase leading up here.
Casting: Beastly Appendage (safe; 9% risk of failure)
Confirm with . or Enter, or press ? or * to list all spells.
You miscast Beastly Appendage.
You are very lightly contaminated with residual magic.
Nothing appears to happen.
Casting: Beastly Appendage (safe; 9% risk of failure)
Confirm with . or Enter, or press ? or * to list all spells.
One of your tentacles grows a vicious spike.
The helpless hobgoblin fails to defend itself.
You hit the hobgoblin. You grab the hobgoblin.
You pierce the hobgoblin, but do no damage.
The hobgoblin is lightly wounded.
You constrict the hobgoblin. The hobgoblin closely misses you.
You hit the hobgoblin but do no damage.
You pierce the hobgoblin.
You kill the hobgoblin!
There is a stone staircase leading up here.
Your transformation is almost over.
Casting: Beastly Appendage (safe; 9% risk of failure)
Confirm with . or Enter, or press ? or * to list all spells.
You extend your transformation's duration.
Your magical contamination has completely faded away. 2 giant cockroaches come into view.
Found a stone staircase leading down.
Your transformation is almost over.
The goblin shouts!
The adder hisses angrily.
The frilled lizard hisses angrily.
You hear an angry hiss.
The frilled lizard unfolds its giant frill.
The goblin hits you.
You hit the goblin.
You kill the goblin!
Natasha mumbles some strange words.
Natasha shimmers violently.
You barely miss the frilled lizard. Your grab misses the frilled lizard.
Your tentacle spike misses the frilled lizard.
The giant cockroach barely misses you. The frilled lizard misses you.
The adder bites you but does no damage. The giant cockroach bites you.
The frilled lizard unfolds its giant frill.
The frilled lizard closely misses you.
You hit Natasha. Your grab misses Natasha. You squeeze Natasha!
Natasha is almost dead.
The adder bites you. Natasha casts a spell at you.
You resist with significant effort.
The giant cockroach bites you but does no damage.
The adder bites you.
You are poisoned.
The adder poisons you! The frilled lizard bites you.
The giant cockroach closely misses you. Natasha barely misses you.
You barely miss Natasha. Your grab misses Natasha.
Your tentacle-slap misses Natasha.
Natasha is almost dead.
Your tentacle spike disappears.
You feel sick. The adder closely misses you.
The frilled lizard barely misses you. The giant cockroach barely misses you.
The adder misses you. Natasha misses you. The frilled lizard bites you.
* * * LOW HITPOINT WARNING * * *
You barely miss Natasha. Your grab misses Natasha.
Natasha is almost dead.
* * * LOW HITPOINT WARNING * * *
You feel sick. The giant cockroach bites you.
* * * LOW HITPOINT WARNING * * *
The adder barely misses you. Natasha claws you.
You die...

##..# #..## ##.## ##..#
#..## ########### #.
#.## #.........#
#...#.########.........#
#............h........#
#..#####...s@S...>....#
#.. #..####l........#
... ....## #...<.....#
.... ?.... #.......!.#
#... ...... #.........#
#..$ ..s... ###########
......


You could see Natasha, an adder, a giant cockroach and a frilled lizard.

Vanquished Creatures
  3 bats (D:1)
  A giant cockroach (D:1)
  2 goblins
  5 hobgoblins
  6 frilled lizards (D:1)
  2 kobolds (D:1)
  4 rats (D:1)
23 creatures vanquished.

Notes
Turn   | Place    | Note
-------+----------+-------------------------------------------
     0 | D:1      | Mgcat the Octopode Transmuter began the quest for the Orb.
     0 | D:1      | Reached XP level 1. HP: 13/13 MP: 3/3
   116 | D:1      | Reached XP level 2. HP: 9/18 MP: 1/5
   775 | D:2      | Noticed Natasha
   836 | D:2      | HP: 4/18 [poisoned by an adder]
   836 | D:2      | Slain by Natasha

Vault maps used:
D:1:      dpeg_arrival_shelter
D:2:      okawaru_gym_becter, uniq_natasha

Action                   || total
-------------------------++-------
Melee: Unarmed           ||    22
       Constrict         ||     9
       Kick              ||     8
       Mace              ||    19
       Tentacles         ||     4
       Punch             ||     1
 Cast: Beastly Appendage ||    12
 Stab: Sleeping          ||     3
Armor: Skin              ||     4
Dodge: Dodged            ||    34

Table legend:
 A = Spawn XP
 B = Non-spawn XP
 C = Spawn XP percentage of total XP
 D = Spawn monster count
 E = Non-spawn monster count
 F = Spawn count percentage of total count
 G = Total turns spent on level
                    A         B        C        D         E        F      G
               +---------+---------+-------+---------+---------+-------+---------
         Total |       0 |      32 |   0.0 |       0 |      23 |   0.0 |   836
               +---------+---------+-------+---------+---------+-------+---------
           D:1 |       0 |      28 |   0.0 |       0 |      21 |   0.0 |   803
           D:2 |       0 |       4 |   0.0 |       0 |       2 |   0.0 |    33
               +---------+---------+-------+---------+---------+-------+---------

Vault maps used:
D:1:      dpeg_arrival_shelter
D:2:      okawaru_gym_becter, uniq_natasha

Table legend:
 A = Turns spent in this place as a percentage of turns spent in the entire game.
 B = Non-inter-level travel turns spent in this place as a percentage of non-inter-level travel turns spent in the entire game.
 C = Inter-level travel turns spent in this place as a percentage of turns spent in this place.
 D = Turns resting spent in this place as a percentage of non-inter-level travel turns spent in this place.
 E = Turns spent auto-exploring this place as a percentage of non-inter-level travel turns spent in this place.
 F = Non-inter-level travel turns spent in this place divided by the number of levels of this place that you've seen.
                   A       B       C       D       E      F
               +-------+-------+-------+-------+-------+----------------------
         Total | 100.0 | 100.0 |   3.1 |   0.0 |  78.9 | 405.0
       Dungeon | 100.0 | 100.0 |   3.1 |   0.0 |  78.9 | 405.0
               +-------+-------+-------+-------+-------+----------------------

Table legend:
 A = Kills in this place as a percentage of kills in entire the game.
 B = Kills by you in this place as a percentage of kills by you in the entire game.
 C = Kills by friends in this place as a percentage of kills by friends in the entire game.
 D = Other kills in this place as a percentage of other kills in the entire game.
 E = Experience gained in this place as a percentage of experience gained in the entire game.
 F = Experience gained in this place divided by the number of levels of this place that you have seen.
                   A       B       C       D       E      F
               +-------+-------+-------+-------+-------+----------------------
         Total | 100.0 | 100.0 |   N/A |   N/A | 100.0 |  16.0
       Dungeon | 100.0 | 100.0 |   N/A |   N/A | 100.0 |  16.0
               +-------+-------+-------+-------+-------+----------------------
